 Dungeon Crawl Stone Soup version 0.26.0-18-gc5c842f807 (webtiles) character file.

Game seed: 13571407334037731129

331 thiole the Sneak (level 6, -4/36 HPs)
             Began as an Octopode Hedge Wizard on Jan 22, 2021.
             Was an Initiate of Gozag.
             Slain by an ogre
             ... wielding a +0 giant club
              (12 damage)
             ... on level 4 of the Dungeon.
             The game lasted 00:09:23 (3334 turns).

thiole the Sneak (Octopode Hedge Wizard)            Turns: 3334, Time: 00:09:24

Health: -4/36      AC:  1    Str:  9    XL:     6   Next: 52%
Magic:  12/12      EV: 13    Int: 18    God:    Gozag
Gold:   334        SH:  0    Dex: 12    Spells: 7/13 levels left

rFire    . . .     SeeInvis .   a - +0 dagger
rCold    . . .     Faith    .   (no shield)
rNeg     . . .     Spirit   .   b - +0 hat
rPois    .         Reflect  .   c - amulet of magic regeneration
rElec    .         Harm     .   (no ring)
rCorr    .         Rampage  .   (no ring)
Will     .....                  (no ring)
Stlth    ++++......             (no ring)
HPRegen  0.12/turn              (no ring)
MPRegen  0.38/turn              (no ring)
                                (no ring)
                                (no ring)

@: no status effects
A: almost no armour, stealthy swim, amphibious, 8 rings, constrict 8, camouflage
1, gelatinous body 1
a: Renounce Religion, Potion Petition, Call Merchant, Bribe Branch


You were on level 4 of the Dungeon.
You worshipped Gozag.
Gozag was aware of your devotion.
You visited 1 branch of the dungeon, and saw 5 of its levels.
You also visited: Ossuary.

You collected 362 gold pieces.
You paid 28 gold pieces to Gozag.

Inventory:

Hand Weapons
 a - a +0 dagger (weapon)
Armour
 b - a +0 hat (worn)
Jewellery
 c - an amulet of magic regeneration (around mantle)
Wands
 q - a wand of enslavement (11)
Scrolls
 e - 2 scrolls of magic mapping
 g - a scroll of immolation {unknown}
 h - a scroll of fear {unknown}
 i - a scroll of blinking {unknown}
 j - a scroll of remove curse {unknown}
 k - a scroll of random uselessness {unknown}
 l - a scroll of amnesia {unknown}
 s - a scroll of enchant weapon {unknown}
Potions
 d - a potion of ambrosia {unknown}
 m - 2 potions of heal wounds
 n - a potion of might {unknown}
 o - a potion of cancellation {unknown}
 p - a potion of berserk rage {unknown}
 r - 3 potions of lignification
 t - a potion of resistance {unknown}
 u - 3 potions of curing


   Skills:
 - Level 2.0 Dodging
 + Level 5.1 Stealth
 + Level 4.0 Spellcasting
 + Level 3.0 Conjurations
 - Level 2.0 Summonings
 - Level 1.0 Translocations
 * Level 3.0 Air Magic


You had 7 spell levels left.
You knew the following spells:

 Your Spells              Type           Power        Failure   Level
a - Magic Dart            Conj           56%          4%          1
b - Call Imp              Summ           10%          10%         2
c - Mephitic Cloud        Conj/Pois/Air  10%          19%         3

Your spell library contained the following spells:

 Spells                   Type           Power        Failure   Level
 Blink                    Tloc           N/A          14%         2
 Slow                     Hex            3%           22%         2
 Conjure Flame            Conj/Fire      9%           24%         3


Dungeon Overview and Level Annotations

Branches:
Dungeon (5/15)            Ossuary (visited)
 Temple: D:4-7

Altars:
Ashenzari
Gozag
Trog
Zin

Annotations:
D:4 Menkaure


Innate Abilities, Weirdness & Mutations

You cannot wear most types of armour.
You are very stealthy in the water. (Stealth+)
You are amphibious.
You can wear up to eight rings at the same time.
You can use your tentacles to constrict eight enemies at once.
Your skin changes colour to match your surroundings (Stealth+).
Your rubbery body absorbs attacks. (AC +1, EV +1)


Message History

Your crimson imp disappears in a puff of smoke!
Your white imp disappears in a puff of smoke!
HP restored.
There is a stone staircase leading up, spattered with blood here.
You climb upwards.
Level annotation: Menkaure The gnoll throws a stone.
The stone hits you.
The bullfrog skeleton hits you but does no damage.
The howler monkey skeleton hits you. The ogre hits you with a +0 giant club!
The gnoll throws a stone.
The stone barely misses you.
The stone hits the bullfrog skeleton!
The bullfrog skeleton hits you.
The howler monkey skeleton barely misses you.
There is a stone staircase leading down, spattered with blood here.
You see here 2 stones.
The bullfrog skeleton barely misses you.
The gnoll throws a stone.
The stone hits you.
* * * LOW HITPOINT WARNING * * *
The ogre hits you with a +0 giant club!
You die...
Your body crumbles into a pile of gold.

$###..#O# .##..##.#
.##.##..###########
.....!.###.g......#
##.(#.$###........#
#.###.$..........#
#!.# #.###........#
#.# #.# #.....(..#
#.# #......@O# ..#
#.....Z.Z#
.#....$......# #.
Z##........# #.#
#........#
##########


You could see an ogre, a gnoll, a bullfrog skeleton and a howler monkey
skeleton.

Vanquished Creatures
  2 water moccasin zombies (Ossuary)
  A mummy (Ossuary)
  3 adders
  A gnoll (D:5)
  An ufetubus (D:5)
  3 adder zombies (Ossuary)
  2 worms
  3 leopard geckos
  2 orcs
  4 bats
  A giant cockroach (D:1)
  A gnoll zombie (Ossuary)
  8 goblins
  6 hobgoblins
  2 jackals (D:1)
  5 kobolds
  A quokka (D:2)
  A ball python (D:5)
  3 frilled lizards
  4 hobgoblin zombies (Ossuary)
  2 kobold zombies (Ossuary)
  2 orc zombies
  4 rats
  A rat zombie (D:5)
63 creatures vanquished.

Vanquished Creatures (collateral kills)
  2 water moccasin zombies (Ossuary)
  A worker ant (D:5)
  A big kobold zombie (Ossuary)
  A mummy (Ossuary)
  A gnoll (D:4)
  4 adder zombies (Ossuary)
  A giant cockroach (D:4)
  4 hobgoblin zombies (Ossuary)
  3 kobold zombies (Ossuary)
  4 orc zombies (Ossuary)
22 creatures vanquished.

Grand Total: 85 creatures vanquished

Notes
Turn   | Place    | Note
-------+----------+-------------------------------------------
     0 | D:1      | thiole the Octopode Hedge Wizard began the quest for the
                  | Orb.
     0 | D:1      | Reached XP level 1. HP: 11/11 MP: 4/4
    39 | D:1      | Reached XP level 2. HP: 6/17 MP: 3/6
   351 | D:1      | Reached skill level 3 in Stealth
   733 | D:1      | Reached XP level 3. HP: 21/21 MP: 5/7
   736 | D:1      | Learned a level 2 spell: Call Imp
   740 | D:1      | Learned a level 3 spell: Mephitic Cloud
  1185 | D:2      | Reached XP level 4. HP: 27/27 MP: 5/9
  1233 | D:2      | Found a broken altar of Ashenzari.
  1335 | D:2      | Found an opulent altar of Gozag.
  1335 | D:2      | Found a glowing silver altar of Zin.
  1344 | D:2      | Became a worshipper of Gozag Ym Sagoz the Greedy
  1710 | D:3      | Reached skill level 4 in Stealth
  1771 | D:3      | Noticed a centaur
  1799 | D:4      | Noticed Menkaure
  1806 | D:4      | Noticed an ogre
  1849 | D:5      | Entered Level 5 of the Dungeon
  1877 | D:5      | Found a sand-covered staircase.
  1887 | D:5      | Reached skill level 1 in Air Magic
  1893 | Ossuary  | Entered an ossuary
  2069 | Ossuary  | Reached XP level 5. HP: 31/31 MP: 8/10
  2422 | Ossuary  | Reached XP level 6. HP: 27/36 MP: 6/11
  2784 | Ossuary  | Reached skill level 5 in Stealth
  3078 | D:4      | Found a bloodstained altar of Trog.
  3334 | D:4      | Slain by an ogre

Illustrated notes

Levels and vault maps discovered:
D:1:      zaba_arrival_water, layout_loops_ring, minmay_tromino_v2
D:2:      layout_loops_ring, grunt_temple_overflow_gold_and_silver,
          nicolae_overflow_crystal_walls
D:3:      layout_basic
D:4:      lemuel_upstairs_altar, layout_rooms, temple_pool_b, uniq_menkaure
D:5:      layout_loops_corners, marbit_many_paths, enter_ossuary_3

Skill      XL: |  1  2  3  4  5  6 |
---------------+-------------------+-----
Stealth        | 3 4 5 |  5.1
Summonings     | 2 |  2.0
Conjurations   | 2 3 |  3.0
Air Magic      | 1 2 3 |  3.0
Spellcasting   | 4 |  4.0
Dodging        | |  2.0
Translocations | |  1.0

Action                   |  1- 3 |  4- 6 || total
-------------------------+-------+-------++-------
Melee: Dagger            |    40 |    76 ||   116
       Constrict         |    10 |    27 ||    37
       Tentacles         |     8 |    21 ||    29
 Cast: Magic Dart        |    59 |    32 ||    91
       Call Imp          |       |    52 ||    52
  Use: Scroll            |       |     5 ||     5
       Potion            |       |     2 ||     2
 Stab: Sleeping          |       |     3 ||     3
Armor: Skin              |     9 |     8 ||    17
Dodge: Dodged            |    31 |    59 ||    90
